 Dungeon Crawl Stone Soup version 0.30.0-10-gfe55d96785 (webtiles) character file.

Game seed: 6655738497038309701

850 hawla the Basher (level 8, -1/57 HPs)
             Began as a Meteoran Fire Elementalist on May 14, 2023.
             Was a Follower of Vehumet.
             Slain by an orc warrior
             ... wielding a +0 war axe
              (12 damage)
             ... on level 7 of the Dungeon.
             The game lasted 00:06:38 (1437 turns).

hawla the Basher (Meteoran Fire Elementalist)       Turns: 1437, Time: 00:06:39

Health: -1/57      AC:  3    Str: 10    XL:     8   Next: 44%
Magic:  3/14       EV: 12    Int: 19    God:    Vehumet [*.....]
Gold:   103        SH:  0    Dex: 14    Spells: 6/13 levels left

rFire   . . .        d - +0 flail
rCold   . . .        (no shield)
rNeg    . . .        a - +0 robe
rPois   .            (no helmet)
rElec   .            k - +0 cloak
rCorr   .            (no gloves)
SInv    .            (no boots)
Will    +....        (no amulet)
Stlth   +            (no ring)
HPRegen 0.29/turn    (no ring)
MPRegen 0.14/turn

%: no passive effects
@: glowing
A: sense surroundings 1, otherworldly, glowing, explore regen
a: Renounce Religion


You were on level 7 of the Dungeon.
You worshipped Vehumet.
Vehumet was aware of your devotion.
You visited 2 branches of the dungeon, and saw 8 of its levels.

You collected 103 gold pieces.

Inventory:

Hand Weapons
 d - a +0 flail (weapon)
Armour
 a - a +0 robe (worn)
 k - a +0 cloak (worn)
Jewellery
 h - a ring of fire
 n - a ring of willpower
 q - a ring of fire
Wands
 o - a wand of iceblast (5) (quivered)
Scrolls
 f - a scroll of teleportation
 i - 2 scrolls of identify
Potions
 c - 2 potions of attraction
 e - a potion of curing
 g - a potion of brilliance
 j - 2 potions of ambrosia {unknown}
 l - a potion of heal wounds
 m - 2 potions of haste {unknown}
 p - a potion of lignification {unknown}


   Skills:
 + Level 8.3 Maces & Flails
 - Level 2.6 Dodging
 - Level 1.4 Stealth
 - Level 3.3 Spellcasting
 - Level 4.9 Conjurations
 - Level 4.9 Fire Magic
 + Level 2.7 Evocations


You had 6 spell levels left.
You knew the following spells:

 Your Spells              Type           Power      Damage    Failure   Level
a - Foxfire               Conj/Fire      84%        2x1d8     1%          1
b - Scorch                Fire           42%        2d6       3%          2
c - Flame Wave            Conj/Fire      21%        2d8       19%         4

Your spell library contained the following spells:

 Spells                   Type           Power      Damage    Failure   Level
 Kiss of Death            Conj/Necr      48%        2d9       5%          1
 Inner Flame              Hex/Fire       12%        N/A       16%         3
 Volatile Blastmotes      Fire/Tloc      24%        2d12      16%         3


Dungeon Overview and Level Annotations

Branches:
Dungeon (7/15) Zot: 2889   Temple (1/1) D:4 Zot: 469

Altars:
Ashenzari
Cheibriados
Dithmenos
Elyvilon
Gozag
Hepliaklqana
Nemelex Xobeh
Okawaru
Qazlal
Ru
Sif Muna
Trog
Uskayaw
Vehumet
Wu Jian
Yredelemnul
Zin
The Shining One


Innate Abilities, Weirdness & Mutations

You passively map a small area around you.
You are easily found by Zot.
You glow in the dark.
You regain HP and MP as you explore.


Message History

The sky beast hits you but does no damage.
Casting: Flame Wave (quite dangerous; 19% risk of failure)
Confirm with . or Enter, or press ? or * to list all spells.
The spell is quite dangerous to miscast (19% risk of failure)!
Continue anyway?
Casting: Flame Wave (quite dangerous; 19% risk of failure)
Press: ? - help, Dir - look around, f - activate A wave of flame ripples out!
The flame wave engulfs the orc warrior.
The orc warrior is heavily wounded.
The flame wave engulfs something!
Vehumet accepts your kill.
You feel your power returning.
Reactivating autopickup.
You feel a bit more experienced.
The flame wave engulfs the sky beast.
You kill the sky beast!
Vehumet accepts your kill. (Press . to intensify the flame waves.)
The orc warrior hits you with a +0 war axe.
Your Maces & Flails skill increases to level 8!
A wave of flame ripples out!
The flame wave engulfs the orc priest!
The orc priest is severely wounded.
The flame wave engulfs the orc warrior.
The orc warrior is heavily wounded.
The orc warrior hits you with a +0 war axe!!
The orc priest barely misses you.
Unknown command.
A wave of flame ripples out!
The flame wave engulfs the orc priest.
You kill the orc priest!
Vehumet accepts your kill.
The flame wave engulfs the orc warrior!
The orc warrior is almost dead.
The flame wave engulfs something.
You finish channelling waves of flame.
The orc warrior hits you with a +0 war axe!
* * * LOW HITPOINT WARNING * * *
Unknown command.
Casting: Flame Wave (quite dangerous; 19% risk of failure)
Confirm with . or Enter, or press ? or * to list all spells.
Flames lash something.
Something hits you but does no damage.
Deactivating autopickup; reactivate with Ctrl-A.
The orc warrior hits you with a +0 war axe!
You die...

#.####.# #######.#..#.# *
.............# * *
######...####, , * *
#......'..#, , ,,,
#......##.# *
#......##.#####
#######.....###.#).<#'##
#<......###.###.@)......,
######..........o†......
............###.........
####...###### #.###.....
, ...... , ..# ..... ,
.##.###* ###. .... , # #.
., ,... .. , ... * .## *


You could see an orc warrior.

Vanquished Creatures
  A black bear (D:7)
  2 sky beasts
  A centaur (D:6)
  A bullfrog (D:6)
  A scorpion (D:5)
  A howler monkey (D:6)
  A hound (D:6)
  An orc priest (D:7)
  4 orc wizards
  A gnoll (D:1)
  3 adders
  A white imp (D:6)
  An ufetubus (D:4)
  A worm (D:4)
  10 orcs
  2 endoplasms (D:1)
  A giant cockroach (D:2)
  3 goblins
  A hobgoblin (D:4)
  5 quokkas
  2 ball pythons
  4 bats
  11 frilled lizards (D:1)
  2 kobolds (D:1)
  4 rats
65 creatures vanquished.

Vanquished Creatures (collateral kills)
  A centaur (D:5)
1 creature vanquished.

Vanquished Creatures (others)
  106 foxfires
106 creatures vanquished.

Grand Total: 172 creatures vanquished

Notes
Turn   | Place    | Note
-------+----------+-------------------------------------------
     0 | D:1      | hawla the Meteoran Fire Elementalist began the quest for
                  | the Orb.
     0 | D:1      | Reached XP level 1. HP: 14/14 MP: 5/5
    37 | D:1      | Reached XP level 2. HP: 20/20 MP: 2/6
    40 | D:1      | Learned a level 2 spell: Scorch
    68 | D:1      | Found a faded altar of an unknown god.
    86 | D:1      | Reached XP level 3. HP: 26/26 MP: 0/8
   192 | D:2      | Reached XP level 4. HP: 30/33 MP: 0/10
   211 | D:2      | Learned a level 4 spell: Flame Wave
   435 | D:4      | Found a staircase to the Ecumenical Temple.
   464 | Temple   | Entered the Ecumenical Temple
   570 | Temple   | Became a worshipper of Vehumet
   969 | D:4      | Found a white marble altar of Elyvilon.
   970 | D:4      | Found a stormy altar of Qazlal.
   971 | D:4      | Found a sparkling altar of Nemelex Xobeh.
   971 | D:4      | Found a sacrificial altar of Ru.
  1015 | D:5      | Entered Level 5 of the Dungeon
  1033 | D:5      | Reached XP level 5. HP: 38/38 MP: 7/11
  1064 | D:5      | Noticed a centaur
  1070 | D:5      | Killed a centaur
  1071 | D:5      | Reached skill level 1 in Maces & Flails
  1071 | D:5      | Reached XP level 6. HP: 27/45 MP: 10/12
  1091 | D:5      | Reached skill level 2 in Maces & Flails
  1091 | D:5      | Reached skill level 1 in Evocations
  1178 | D:6      | Reached skill level 3 in Maces & Flails
  1178 | D:6      | Reached XP level 7. HP: 43/50 MP: 9/13
  1290 | D:6      | Reached skill level 4 in Maces & Flails
  1318 | D:6      | Reached * piety under Vehumet
  1318 | D:6      | Offered knowledge of Kiss of Death by Vehumet.
  1319 | D:6      | Reached skill level 5 in Maces & Flails
  1374 | D:6      | Reached skill level 6 in Maces & Flails
  1374 | D:6      | Reached XP level 8. HP: 50/57 MP: 9/14
  1423 | D:7      | Reached skill level 7 in Maces & Flails
  1435 | D:7      | Reached skill level 8 in Maces & Flails
  1437 | D:7      | Slain by an orc warrior

Illustrated notes

Levels and vault maps discovered:
D:1:      saegor_arrival_simple_b, layout_loops_ring,
          dreamdust_ecumenical_altar_angels_and_demons, minmay_lizard_pond
D:2:      layout_loops_ring, chequers_jeans
D:3:      layout_loops_cross, mainiacjoe_overflow_24_doors,
          kennysheep_pointless_box, wad_rectangle_vault
D:4:      layout_loops_cross, mainiacjoe_overflow_alcove_3,
          minmay_temple_entry_sparse_star, minivault_14
D:5:      layout_cave_pools, gammafunk_ghost_icy
D:6:      layout_gridville, uniq_grinder
D:7:      layout_basic
Temple:   jpeg_temple_clearing

Skill      XL: |  1  2  3  4  5  6  7  8 |
---------------+-------------------------+-----
Fire Magic     | 4 |  4.9
Spellcasting   | 3 |  3.3
Conjurations   | 3 4 |  4.9
Maces & Flails | 1 3 6 8 |  8.3
Evocations     | 2 |  2.7
Dodging        | |  2.6
Stealth        | |  1.4

Action                     |  1- 3 |  4- 6 |  7- 9 || total
---------------------------+-------+-------+-------++-------
  Melee: Unarmed           |     2 |    13 |       ||    15
         Flail             |       |     8 |    15 ||    23
   Cast: Foxfire           |    25 |    30 |    14 ||    69
         Scorch            |     4 |    10 |    12 ||    26
         Flame Wave        |       |       |     2 ||     2
    Use: Scroll            |       |     8 |       ||     8
         Potion            |       |       |     2 ||     2
 Armour: Robe              |     1 |    10 |    10 ||    21
  Dodge: Dodged            |     3 |    15 |    22 ||    40
